TOP OF THE 1ST |
South Carolina Gamecocks batting - Pitching for Southern California Trojans : RHP J.J. George
|
Pitching: RHP J.J. George
|
|
Batting: LHB Josh Pérez
|
0-0: Called Strike 0-1: Ball 1-1: Ball 2-1: Foul Ball, location: 2F 2-2: Ball 3-2: Base on Balls
|
Batting: RHB Doug O'Brien
|
0-0: Called Strike 0-1: Ball 1-1: Called Strike 1-2: Ball 2-2: DOUBLE (Line Drive, 5D) Josh Pérez to third
|
Batting: RHB Junior Adams
|
0-0: Ground out 6-3 (Groundball, 6) Josh Pérez scores
|
Batting: RHB Ron Glass
|
0-0: Reached on error, E5 (Groundball, 5) Doug O'Brien scores
|
Batting: RHB John Díaz
|
0-0: Ball 1-0: Foul Ball, location: 2F 1-1: Ball 2-1: Ball 3-1: Base on Balls
|
Batting: RHB Taylor Justice
|
0-0: Foul Ball, location: 2F 0-1: Foul Ball, location: 2F 0-2: SINGLE (Line Drive, 56D) Ron Glass to third John Díaz to second Runner from 3rd tries for Home, SAFE, no throw or cutoff
|
Batting: RHB Josh Baker
|
0-0: Ball Passed Ball! John Díaz to third Taylor Justice to second 1-0: SINGLE (Groundball, 56) John Díaz scores Taylor Justice to third Runner from 3rd tries for Home, SAFE, throw made home Josh Baker to second
|
Batting: RHB Clint Ratzlaff
|
0-0: Ball 1-0: Fly out, F8 (Popup, 6MD)
|
Batting: RHB José Zúñiga
|
0-0: Ball 1-0: SINGLE (Groundball, 34D) Josh Baker to third Runner from 3rd tries for Home, SAFE, no throw or cutoff
|
Batting: LHB Josh Pérez
|
0-0: Ball Throwing error on steal attempt, E2 José Zúñiga to third 1-0: Called Strike 1-1: Ground out 4-3 (Groundball, 4)
|
Top of the 1st over - 6 run(s), 4 hit(s), 2 error(s), 1 left on base; South Carolina 6 - Southern California 0 |
BOTTOM OF THE 1ST |
Southern California Trojans batting - Pitching for South Carolina Gamecocks : RHP Rafael Lerma
|
Pitching: RHP Rafael Lerma
|
|
Batting: LHB Thomas Dixon
|
0-0: Ground out 6-3 (Groundball, 6)
|
Batting: LHB Mike Davis
|
0-0: Ground out 4-3 (Groundball, 34)
|
Batting: SHB José López
|
0-0: Foul Ball, location: 2F 0-1: Foul Ball, location: 2F 0-2: Ball 1-2: SINGLE (Groundball, 4MD)
|
Batting: RHB Brian Dixon
|
0-0: Ball 1-0: Ball 2-0: Foul Ball, location: 2F 2-1: Called Strike 2-2: Foul Ball, location: 2F 2-2: 2-RUN HOME RUN (Flyball, 78XD), Distance : 374 ft
|
Batting: LHB Scot Chilson
|
0-0: Swinging Strike 0-1: Foul Ball, location: 2F 0-2: Ball 1-2: TRIPLE (Line Drive, 8LM)
|
Batting: LHB Jeff Horton
|
0-0: SINGLE (Groundball, 2L) (infield hit) Scot Chilson scores
|
Batting: RHB José Martínez
|
0-0: Foul Ball, location: 2F 0-1: Swinging Strike 0-2: Ball 1-2: Strikes out looking
|
Bottom of the 1st over - 3 run(s), 4 hit(s), 0 error(s), 1 left on base; South Carolina 6 - Southern California 3 |
TOP OF THE 2ND |
South Carolina Gamecocks batting - Pitching for Southern California Trojans : RHP J.J. George
|
Batting: RHB Doug O'Brien
|
0-0: Called Strike 0-1: Ball 1-1: Ball 2-1: Ball 3-1: Base on Balls
|
Batting: RHB Junior Adams
|
0-0: Ball 1-0: Foul Ball, location: 2F 1-1: Ball 2-1: Ball 3-1: SINGLE (Line Drive, 8LS) Doug O'Brien to second
|
Batting: RHB Ron Glass
|
0-0: Ball 1-0: Ball 2-0: Called Strike 2-1: Fielders Choice at 2nd, 6-4 (Groundball, 6) Doug O'Brien to third
|
Batting: RHB John Díaz
|
0-0: Ball 1-0: Ball 2-0: Called Strike 2-1: Ball 3-1: Called Strike 3-2: Ground out 5-3 (Groundball, 56) Doug O'Brien scores Ron Glass to second
|
Batting: RHB Taylor Justice
|
0-0: Ball 1-0: Called Strike 1-1: 2-RUN HOME RUN (Flyball, 78XD), Distance : 369 ft
|
Batting: RHB Josh Baker
|
0-0: Ball 1-0: Foul Ball, location: 2F 1-1: Foul Ball, location: 2F 1-2: Strikes out looking
|
Top of the 2nd over - 3 run(s), 2 hit(s), 0 error(s), 0 left on base; South Carolina 9 - Southern California 3 |
BOTTOM OF THE 2ND |
Southern California Trojans batting - Pitching for South Carolina Gamecocks : RHP Rafael Lerma
|
Batting: RHB Roy MacCluskie
|
0-0: Ground out 5-3 (Groundball, 5)
|
Batting: SHB Donald Waller
|
0-0: Ball 1-0: Fly out, F7 (Popup, 78S)
|
Batting: LHB Thomas Dixon
|
0-0: Fly out, F7 (Flyball, 7M)
|
Bottom of the 2nd over - 0 run(s), 0 hit(s), 0 error(s), 0 left on base; South Carolina 9 - Southern California 3 |
TOP OF THE 3RD |
South Carolina Gamecocks batting - Pitching for Southern California Trojans : RHP J.J. George
|
Batting: RHB Clint Ratzlaff
|
0-0: Swinging Strike 0-1: Ball 1-1: Called Strike 1-2: Strikes out swinging
|
Pitching: LHP Greg Ball
|
|
Batting: RHB José Zúñiga
|
0-0: Ball 1-0: Called Strike 1-1: Swinging Strike 1-2: Ball 2-2: Ball 3-2: Foul Ball, location: 2F 3-2: Strikes out swinging
|
Batting: LHB Josh Pérez
|
0-0: Called Strike 0-1: Ball 1-1: Ball 2-1: Called Strike 2-2: Ball 3-2: Foul Ball, location: 2F 3-2: Base on Balls
|
Batting: RHB Doug O'Brien
|
0-0: Ball 1-0: Ball 2-0: Called Strike 2-1: Fly out, F8 (Flyball, 8RM)
|
Top of the 3rd over - 0 run(s), 0 hit(s), 0 error(s), 1 left on base; South Carolina 9 - Southern California 3 |
BOTTOM OF THE 3RD |
Southern California Trojans batting - Pitching for South Carolina Gamecocks : RHP Rafael Lerma
|
Batting: LHB Mike Davis
|
0-0: Ball 1-0: Ball 2-0: Ball 3-0: Called Strike 3-1: Called Strike 3-2: SINGLE (Groundball, 6MD)
|
Batting: SHB José López
|
0-0: Ball 1-0: Ball 2-0: Foul Ball, location: 2F 2-1: Ball 3-1: SINGLE (Line Drive, 4MD) Mike Davis to second
|
Batting: RHB Brian Dixon
|
0-0: Ball 1-0: Called Strike 1-1: Ball 2-1: Ball 3-1: Called Strike 3-2: Foul Ball, location: 2F 3-2: Fly out, F9 (Flyball, 89M)
|
Batting: LHB Scot Chilson
|
0-0: Called Strike 0-1: Called Strike 0-2: Ball 1-2: Strikes out swinging
|
Batting: LHB Jeff Horton
|
0-0: Ball 1-0: Ball 2-0: Fielders Choice at 2nd, U4 (Groundball, 4M)
|
Bottom of the 3rd over - 0 run(s), 2 hit(s), 0 error(s), 2 left on base; South Carolina 9 - Southern California 3 |
TOP OF THE 4TH |
South Carolina Gamecocks batting - Pitching for Southern California Trojans : LHP Greg Ball
|
Batting: RHB Junior Adams
|
0-0: Ball 1-0: Swinging Strike 1-1: Ball 2-1: Fly out, F6 (Popup, 6MD)
|
Batting: RHB Ron Glass
|
0-0: Called Strike 0-1: SINGLE (Flyball, 7LS)
|
Batting: RHB John Díaz
|
0-0: Called Strike Ron Glass steals 2nd base 0-1: Ball 1-1: Foul Ball, location: 2F 1-2: Foul Ball, location: 2F 1-2: Fly out, F3 (Popup, 3F)
|
Batting: RHB Taylor Justice
|
0-0: Called Strike 0-1: Ball 1-1: Ball 2-1: Foul Ball, location: 2F 2-2: Ground out 1-3 (Groundball, 15)
|
Top of the 4th over - 0 run(s), 1 hit(s), 0 error(s), 1 left on base; South Carolina 9 - Southern California 3 |
BOTTOM OF THE 4TH |
Southern California Trojans batting - Pitching for South Carolina Gamecocks : RHP Rafael Lerma
|
Batting: RHB José Martínez
|
0-0: SINGLE (Line Drive, 56)
|
Batting: RHB Roy MacCluskie
|
0-0: Foul Ball, location: 2F 0-1: Ball 1-1: Fly out, F1 (Popup, 15S)
|
Batting: SHB Donald Waller
|
0-0: Ball 1-0: Called Strike 1-1: Ball 2-1: Hit by Pitch José Martínez to second
|
Batting: LHB Thomas Dixon
|
0-0: Ball 1-0: Ground out 4-3 (Groundball, 4M) José Martínez to third Donald Waller to second
|
Batting: LHB Mike Davis
|
0-0: Called Strike 0-1: Called Strike 0-2: DOUBLE (Line Drive, 7LS) José Martínez scores Donald Waller scores
|
Batting: SHB José López
|
0-0: Ball 1-0: Foul Ball, location: 2F 1-1: Foul Ball, location: 2F 1-2: SINGLE (Groundball, 34D) Mike Davis to third Runner from 3rd tries for Home, SAFE, no throw or cutoff
|
Pitching: RHP Joe Griffin
|
|
Batting: RHB Brian Dixon
|
0-0: Ball 1-0: Ball 2-0: Foul Ball, location: 2F 2-1: Ball 3-1: Foul Ball, location: 2F 3-2: Base on Balls José López to second
|
Batting: LHB Scot Chilson
|
0-0: Ball 1-0: Fly out, F7 (Line Drive, 7M)
|
Bottom of the 4th over - 3 run(s), 3 hit(s), 0 error(s), 2 left on base; South Carolina 9 - Southern California 6 |
TOP OF THE 5TH |
South Carolina Gamecocks batting - Pitching for Southern California Trojans : LHP Greg Ball
|
Batting: RHB Josh Baker
|
0-0: Ground out 5-3 (Groundball, 5)
|
Batting: RHB Clint Ratzlaff
|
0-0: Ball 1-0: Ground out 5-3 (Groundball, 56)
|
Batting: RHB José Zúñiga
|
0-0: Ball 1-0: SINGLE (Line Drive, 89S)
|
Batting: LHB Josh Pérez
|
0-0: Ball José Zúñiga is caught stealing 2nd base
|
Top of the 5th over - 0 run(s), 1 hit(s), 0 error(s), 0 left on base; South Carolina 9 - Southern California 6 |
BOTTOM OF THE 5TH |
Southern California Trojans batting - Pitching for South Carolina Gamecocks : RHP Joe Griffin
|
Batting: LHB Jeff Horton
|
0-0: Foul Ball, location: 2F 0-1: Ground out 4-3 (Groundball, 34)
|
Batting: RHB José Martínez
|
0-0: Called Strike 0-1: Ball 1-1: Ground out 6-3 (Groundball, 6)
|
Batting: RHB Roy MacCluskie
|
0-0: DOUBLE (Line Drive, 78M)
|
Batting: SHB Donald Waller
|
0-0: Called Strike 0-1: Ball 1-1: Fly out, F1 (Line Drive, 13)
|
Bottom of the 5th over - 0 run(s), 1 hit(s), 0 error(s), 1 left on base; South Carolina 9 - Southern California 6 |
TOP OF THE 6TH |
South Carolina Gamecocks batting - Pitching for Southern California Trojans : LHP Greg Ball
|
Batting: LHB Josh Pérez
|
0-0: Called Strike 0-1: Called Strike 0-2: Foul Ball, location: 2F 0-2: SOLO HOME RUN (Flyball, 9LD), Distance : 335 ft
|
Pitching: RHP Pedro Flores
|
|
Batting: RHB Doug O'Brien
|
0-0: Called Strike 0-1: Fly out, F9 (Flyball, 8RD)
|
Batting: RHB Junior Adams
|
0-0: Called Strike 0-1: SINGLE (Groundball, 25) (infield hit)
|
Batting: RHB Ron Glass
|
0-0: Called Strike 0-1: Ball 1-1: Ball 2-1: Ball 3-1: Called Strike 3-2: Fly out, F4 (Popup, 34D)
|
Batting: RHB John Díaz
|
0-0: Ball 1-0: Called Strike 1-1: Ball 2-1: DOUBLE (Line Drive, 5L) Junior Adams to third Runner from 3rd tries for Home, SAFE, no throw or cutoff
|
Batting: RHB Taylor Justice
|
0-0: 2-RUN HOME RUN (Flyball, 78XD), Distance : 367 ft
|
Batting: RHB Josh Baker
|
0-0: Fly out, F7 (Flyball, 7LM)
|
Top of the 6th over - 4 run(s), 4 hit(s), 0 error(s), 0 left on base; South Carolina 13 - Southern California 6 |
BOTTOM OF THE 6TH |
Southern California Trojans batting - Pitching for South Carolina Gamecocks : RHP Joe Griffin
|
Batting: LHB Thomas Dixon
|
0-0: Swinging Strike 0-1: Ball 1-1: Called Strike 1-2: Ball 2-2: Strikes out swinging
|
Batting: LHB Mike Davis
|
0-0: Fly out, F4 (Popup, 4)
|
Batting: SHB José López
|
0-0: Ball 1-0: Called Strike 1-1: Called Strike 1-2: Ball 2-2: Foul Ball, location: 2F 2-2: Ball 3-2: Foul Ball, location: 2F 3-2: Base on Balls
|
Batting: RHB Brian Dixon
|
0-0: Ball José López steals 2nd base 1-0: Ball 2-0: DOUBLE (Groundball, 5L) José López scores
|
Batting: LHB Scot Chilson
|
0-0: Called Strike 0-1: Ball 1-1: Swinging Strike 1-2: Strikes out swinging
|
Bottom of the 6th over - 1 run(s), 1 hit(s), 0 error(s), 1 left on base; South Carolina 13 - Southern California 7 |
TOP OF THE 7TH |
South Carolina Gamecocks batting - Pitching for Southern California Trojans : RHP Pedro Flores
|
Pitching: RHP Jonathan Faulkner
|
|
Batting: RHB Clint Ratzlaff
|
0-0: Ball 1-0: Foul Ball, location: 2F 1-1: Ball 2-1: Swinging Strike 2-2: Foul Ball, location: 2F 2-2: Foul Ball, location: 2F 2-2: Foul Ball, location: 2F 2-2: Ball 3-2: Foul Ball, location: 2F 3-2: Base on Balls
|
Batting: RHB José Zúñiga
|
0-0: Bunt missed! 0-1: Sac Bunt - play at first, batter OUT! 5-4 Clint Ratzlaff to second
|
Batting: LHB Josh Pérez
|
0-0: Ball 1-0: Called Strike 1-1: Fly out, F7 (Flyball, 7M)
|
Batting: RHB Doug O'Brien
|
0-0: Called Strike 0-1: Called Strike 0-2: Strikes out looking
|
Top of the 7th over - 0 run(s), 0 hit(s), 0 error(s), 1 left on base; South Carolina 13 - Southern California 7 |
BOTTOM OF THE 7TH |
Southern California Trojans batting - Pitching for South Carolina Gamecocks : RHP Joe Griffin
|
Pitching: RHP Eric Johnston
|
|
Batting: LHB Jeff Horton
|
0-0: Ball 1-0: Foul Ball, location: 2F 1-1: Swinging Strike 1-2: Fly out, F8 (Flyball, 8RM)
|
Batting: RHB José Martínez
|
0-0: Ball 1-0: Ground out 6-3 (Groundball, 6)
|
Batting: RHB Roy MacCluskie
|
0-0: Swinging Strike 0-1: Foul Ball, location: 2F 0-2: Ball 1-2: Ball 2-2: Foul Ball, location: 2F 2-2: Strikes out swinging
|
Bottom of the 7th over - 0 run(s), 0 hit(s), 0 error(s), 0 left on base; South Carolina 13 - Southern California 7 |
TOP OF THE 8TH |
South Carolina Gamecocks batting - Pitching for Southern California Trojans : RHP Jonathan Faulkner
|
Batting: RHB Junior Adams
|
0-0: Fly out, F7 (Flyball, 78M)
|
Batting: RHB Ron Glass
|
0-0: Called Strike 0-1: Ball 1-1: Ground out 5-3 (Groundball, 5S)
|
Batting: RHB John Díaz
|
0-0: Ball 1-0: Swinging Strike 1-1: Reached on Error, E9 (Flyball, 9S)
|
Batting: RHB Taylor Justice
|
0-0: Foul Ball, location: 2F 0-1: Ball 1-1: Swinging Strike 1-2: Ball 2-2: Foul Ball, location: 2F 2-2: Foul Ball, location: 2F 2-2: Foul Ball, location: 2F 2-2: Ball 3-2: Base on Balls
|
Batting: RHB Josh Baker
|
0-0: Ball 1-0: Foul Ball, location: 2F 1-1: Foul Ball, location: 2F 1-2: Ball 2-2: Ball 3-2: Strikes out looking
|
Top of the 8th over - 0 run(s), 0 hit(s), 1 error(s), 2 left on base; South Carolina 13 - Southern California 7 |
BOTTOM OF THE 8TH |
Southern California Trojans batting - Pitching for South Carolina Gamecocks : RHP Eric Johnston
|
Now in LF: Will Jones
|
|
Batting: SHB Donald Waller
|
0-0: Called Strike 0-1: Swinging Strike 0-2: DOUBLE (Line Drive, 78M)
|
Batting: LHB Thomas Dixon
|
0-0: Ball 1-0: Called Strike 1-1: Called Strike 1-2: Ball 2-2: Strikes out swinging
|
Batting: LHB Mike Davis
|
0-0: Called Strike 0-1: Fly out, F8 (Flyball, 8RM)
|
Batting: SHB José López
|
0-0: Ground out 4-3 (Groundball, 34)
|
Bottom of the 8th over - 0 run(s), 1 hit(s), 0 error(s), 1 left on base; South Carolina 13 - Southern California 7 |
TOP OF THE 9TH |
South Carolina Gamecocks batting - Pitching for Southern California Trojans : RHP Jonathan Faulkner
|
Pitching: LHP Marty Jacobson
|
|
Batting: RHB Clint Ratzlaff
|
0-0: Called Strike 0-1: Fly out, F4 (Popup, 4D)
|
Batting: RHB José Zúñiga
|
0-0: Ball 1-0: Swinging Strike 1-1: Foul Ball, location: 2F 1-2: Strikes out swinging
|
Batting: LHB Josh Pérez
|
0-0: Foul Ball, location: 2F 0-1: Foul Ball, location: 2F 0-2: Strikes out swinging
|
Top of the 9th over - 0 run(s), 0 hit(s), 0 error(s), 0 left on base; South Carolina 13 - Southern California 7 |
BOTTOM OF THE 9TH |
Southern California Trojans batting - Pitching for South Carolina Gamecocks : RHP Eric Johnston
|
Batting: RHB Brian Dixon
|
0-0: Ball 1-0: Called Strike 1-1: Fly out, F9 (Flyball, 9M)
|
Batting: LHB Scot Chilson
|
0-0: Called Strike 0-1: Foul Ball, location: 2F 0-2: Fly out, F4 (Line Drive, 4)
|
Batting: LHB Jeff Horton
|
0-0: Called Strike 0-1: Foul Ball, location: 2F 0-2: Ball 1-2: Strikes out swinging
|
Bottom of the 9th over - 0 run(s), 0 hit(s), 0 error(s), 0 left on base; South Carolina 13 - Southern California 7 |
|